 Dungeon Crawl Stone Soup version 0.15-a0-1723-gae8f746 (webtiles) character file.

39 Nikss the Grave Robber (level 3, -3/24 HPs)
             Began as a Mummy Necromancer on June 26, 2014.
             Slain by a flayed ghost (8 damage)
             ... on Level 1 of the Dungeon.
             The game lasted 00:25:03 (5469 turns).

Nikss the Grave Robber (Mummy Necromancer)          Turns: 5469, Time: 00:25:04

HP  -3/24        AC  2     Str 11      XL: 3   Next: 26%
MP   6/6         EV 12     Int 14      God:
Gold 52          SH  0     Dex 13      Spells:  2 memorised,  4 levels left

rFire  x . .     SeeInvis .     (no weapon)
rCold  + . .     Clarity  .     a - +0 robe
rNeg   + + +     rCorr    .     (no shield)
rPois  +         rRot     +     (no helmet)
rElec  .         Spirit   .     (no cloak)
SustAb .         Warding  .     (no gloves)
rMut   .         Stasis   .     (no boots)
Gourm  .                        (no amulet)
MR     .....                    (no ring)
                                (no ring)

@: not resistant to hostile enchantments, unstealthy
A: no food or potions, fire vulnerability, restore body, cold resistance 1, life
protection 3, poison resistance, torment resistance, unbreathing
a: no special abilities


You were on level 1 of the Dungeon.
You were not hungry.

You visited 1 branch of the dungeon, and saw 1 of its levels.

You collected 52 gold pieces.

Inventory:

Hand weapons
 h - a +0 club
 i - a +0 sling
 j - a +0 dagger
 l - a +0 dagger
 n - a +0 club
 p - a +0 club
 q - a +0 dagger
 r - a cursed -1 club
 s - a +0 club
 v - a +0 club
 w - a +0 whip
 x - a cursed -2 short sword
 y - a +0 club
 z - a +0 club
Missiles
 c - 13 stones (quivered)
 k - 19 arrows
 o - 12 poisoned needles
Armour
 a - a +0 robe (worn)
 g - a +0 robe
 t - a +0 plate armour
 u - a +0 leather armour
Scrolls
 d - a scroll of enchant weapon {unknown}
 f - a scroll of enchant armour {unknown}
 m - a scroll of remove curse {unknown}
Jewellery
 e - an uncursed ring of fire {unknown}
Books
 b - a book of Necromancy

   Spells                             Type                      Level
   *Pain                              Necromancy                   1
   *Animate Skeleton                  Necromancy                   1
   Vampiric Draining                  Necromancy                   3
   Regeneration                       Charms/Necromancy            3
   Animate Dead                       Necromancy                   4
   Control Undead                     Necromancy                   4


   Skills:
 + Level 2.1 Dodging
 + Level 1.6 Stealth
 + Level 0.1 Unarmed Combat
 + Level 2.3 Spellcasting
 + Level 4.5 Necromancy


You had 4 spell levels left.
You knew the following spells:

 Your Spells              Type           Power        Failure   Level  Hunger
a - Pain                  Necr           ##..         3%          1    N/A
b - Animate Skeleton      Necr           N/A          3%          1    N/A

Dungeon Overview and Level Annotations

Branches:
Dungeon (1/15)

Altars:


Innate Abilities, Weirdness & Mutations

You do not eat or drink.
Your flesh is vulnerable to fire.
Your flesh is cold resistant.
You are immune to negative energy.
Your system is resistant to poisons.
You are immune to unholy pain and torment.
You can survive without breathing.


Message History

Your bat skeleton hits the flayed ghost.
The flayed ghost barely misses you.
Your bat skeleton barely misses the flayed ghost.
Your bat skeleton misses the flayed ghost.
Your bat skeleton hits the flayed ghost.
The flayed ghost hits you.
* * * LOW HITPOINT WARNING * * *
Something closely misses the flayed ghost. x2
Something hits the flayed ghost.
Your bat skeleton closely misses the flayed ghost.
Your bat skeleton hits the flayed ghost.
Your bat skeleton barely misses the flayed ghost.
There is a stone staircase leading down here.
Your bat skeleton barely misses the flayed ghost.
Your bat skeleton closely misses the flayed ghost.
Your bat skeleton barely misses the flayed ghost.
Your bat skeleton misses the flayed ghost.
Your bat skeleton barely misses the flayed ghost.
The flayed ghost hits you!
You die...

#.# ###.# #.# #
#.# #...#
#.##### #.#
#.### #......
#.# #.# #######
#.# #.# #.
#.######## #.#
#. #........#
#.# #.
########.#
#.##### #. #.#
#.@...#########
#. #.#
###W..........#
#. #.#
#Z#.#######.#
#. #.# #.#.#
#.####. #.#
#Z#.#
#####......
#.#####.#.#
#..........
##...Z...#.#
#.#########
##(....####.#
#.# ##...##.#
#.# #Z#


You could see a flayed ghost, a friendly bat skeleton and a friendly hobgoblin
skeleton.

Vanquished Creatures
  A worm (D:1)
  2 giant geckos (D:1)
  5 bats (D:1)
  2 giant cockroaches (D:1)
  3 goblins (D:1)
  5 hobgoblins (D:1)
  3 kobolds (D:1)
  3 rats (D:1)
24 creatures vanquished.

Vanquished Creatures (collateral kills)
  A ball python (D:1)
  A giant cockroach (D:1)
  A hobgoblin (D:1)
  A kobold (D:1)
  A bat (D:1)
5 creatures vanquished.

Vanquished Creatures (others)
  A bat skeleton (D:1)
  A giant gecko skeleton (D:1)
  2 goblin skeletons (D:1)
  2 hobgoblin skeletons (D:1)
  3 kobold skeletons (D:1)
  2 rat skeletons (D:1)
11 creatures vanquished.

Grand Total: 40 creatures vanquished

Notes
Turn   | Place    | Note
--------------------------------------------------------------
     0 | D:1      | Nikss, the Mummy Necromancer, began the quest for the Orb.
     0 | D:1      | Reached XP level 1. HP: 13/13 MP: 3/3
    56 | D:1      | Learned a level 1 spell: Animate Skeleton
   302 | D:1      | Reached XP level 2. HP: 14/19 MP: 2/4
  3080 | D:1      | Reached XP level 3. HP: 18/24 MP: 6/6
  5451 | D:1      | Noticed a flayed ghost
  5469 | D:1      | Slain by a flayed ghost

Action                   || total
-------------------------++-------
Melee: Unarmed           ||    76
Throw: Stone             ||     8
 Cast: Pain              ||    39
       Animate Skeleton  ||    13
